Map: Eindringling LE

Players

Panda

  • Race: Zerg Zerg
  • League: Diamond
  • Spawn Location: 11:00

Losso - Winner!

  • Race: Terran Terran
  • League: Diamond
  • Spawn Location: 5:00

VOD

Have the link to the VOD?

Description

Time

  • Played on: Sept. 9, 2017, 3:57 p.m.
  • Length: 3:57
Show
View Real Time Build Order
Export as new Build Order

Panda Zerg 

Build Orders: Pool Only 

Get SALT Encoding   

  12  0:19  Spawning Pool  
  11  0:25  Drone  
  11  0:27  Drone  
  13  0:31  Drone  
  14  0:35  Extractor  
  14  0:39  Drone  
  14  0:48  Overlord  
  14  0:55  Extractor  
  13  0:58  Drone  
  14  1:10  Roach Warren  
  13  1:15  Zergling x2  
  14  1:50  Roach x3  
  20  2:02  Roach  
  22  2:12  Overlord  
  22  2:34  Ravager x3  
  25  2:44  Roach  
  25  2:45  Roach  
Show
View Real Time Build Order
Export as new Build Order

Losso Terran - Winner!

Build Orders: Reaper Expand 

Get SALT Encoding   

  12  0:01  SCV  
  13  0:13  SCV  
  14  0:17  Supply Depot  
  14  0:25  SCV  
  15  0:39  SCV  
  15  0:40  Barracks  
  16  0:50  Refinery  
  16  0:51  SCV  
  17  1:03  SCV  
  18  1:15  SCV  
  19  1:27  Orbital Command  
  19  1:33  Reaper  
  20  1:48  Command Center  
  20  1:53  SCV  
  21  2:14  SCV  
  22  2:17  Factory  
  22  2:22  Bunker  
  22  2:24  Bunker  
  22  2:28  SCV  
  21  2:32  Marine  
  22  2:40  SCV  
  23  2:45  Supply Depot  
  23  2:59  Barracks Tech Lab  
  23  3:07  SCV  
  23  3:09  Supply Depot  
  23  3:11  Cyclone  
  25  3:30  SCV  
  25  3:31  Marauder  
  28  3:43  SCV  
  28  3:52  Command Center  
Tags
 
Add a new tag
Caveats
  • Supply blocks, unpowered buildings, or Contaminate may cause inaccurate times.
  • Supply counts are checked every 10 seconds.